Map: Abyssal Reef LE

Players

Winthrowe - Winner!

  • Race: Terran Terran
  • League: Silver
  • Spawn Location: 5:00

A.I. 1 (Harder)

  • Race: Protoss Protoss
  • Spawn Location: 11:00

VOD

Have the link to the VOD?

Description

Time

  • Played on: Aug. 19, 2017, 3:02 p.m.
  • Length: 11:22
Show
View Real Time Build Order
Export as new Build Order

Winthrowe Terran - Winner!

Build Orders: MMM Bio 

Get SALT Encoding   

  12  0:01  SCV  
  13  0:13  SCV  
  14  0:21  Supply Depot  
  14  0:25  SCV  
  15  0:43  SCV  
  15  0:44  Barracks  
  16  0:55  SCV  
  16  0:56  Supply Depot  
  17  1:07  SCV  
  18  1:19  SCV  
  18  1:21  Refinery  
  18  1:22  Refinery  
  19  1:31  SCV  
  20  1:35  Marine  
  21  1:51  SCV  
  21  1:53  Marine  
  23  2:03  SCV  
  24  2:11  Marine  
  25  2:15  SCV  
  26  2:28  Orbital Command  
  26  2:29  Marine  
  27  2:33  Command Center  
  27  2:48  Barracks Tech Lab  
  27  2:54  SCV  
  28  3:10  Stimpack  
  28  3:18  SCV  
  28  3:19  Barracks  
  31  3:29  Marine  
  31  3:30  SCV  
  31  3:45  SCV  
  31  3:46  Marine  
  33  3:55  Engineering Bay  
  33  3:57  SCV  
  33  4:00  Supply Depot  
  34  4:04  Marine, Supply Depot x2  
  34  4:09  Supply Depot, SCV  
  36  4:21  SCV  
  36  4:22  Marine  
  38  4:26  Marine  
  39  4:35  Engineering Bay  
  39  4:40  Marine  
  39  4:44  Factory  
  41  4:49  Barracks Reactor  
  40  4:58  Marine  
  41  5:10  Combat Shields  
  41  5:12  SCV  
  41  5:13  SCV  
  43  5:16  Marine  
  44  5:24  SCV  
  44  5:25  SCV  
  44  5:26  Marine x2  
  48  5:33  Marine  
  48  5:34  Starport  
  49  5:36  SCV  
  49  5:37  SCV  
  49  5:38  Factory Reactor  
  51  5:42  Armory  
  51  5:43  Marine  
  51  5:44  Marine, Terran Infantry Weapons Level 1  
  51  5:47  Terran Infantry Armor Level 1  
  51  5:48  SCV  
  51  5:49  SCV  
  55  5:51  Marine  
  56  6:01  Marine, SCV x2  
  56  6:02  Marine  
  60  6:09  Marine  
  61  6:19  Marine  
  61  6:20  Marine  
  63  6:27  Marauder  
  63  6:28  Refinery  
  63  6:29  Concussive Shells  
  63  6:30  SCV, Refinery  
  66  6:37  Marine x2  
  68  6:42  SCV  
  68  6:43  Hellbat  
  68  6:44  Hellbat  
  71  6:49  Marauder  
  69  6:55  Marine x2  
  69  7:05  Hellbat x2  
  73  7:10  Marauder  
  73  7:11  Medivac  
  73  7:13  Marine  
  78  7:27  Marine, Hellbat, Supply Depot  
  81  7:30  Marine  
  81  7:31  Marauder  
  84  7:44  Marine  
  84  7:48  Marine, Cyclone x2  
  84  7:50  Supply Depot  
  92  7:53  Starport Tech Lab, Marauder  
  94  8:11  Marine x2  
  96  8:13  Supply Depot  
  96  8:14  Marauder  
  96  8:18  Medivac  
  100  8:29  Marine x2  
  102  8:34  Cyclone x2  
  102  8:36  Supply Depot, Marauder  
  110  8:57  Marine x3, Medivac  
  115  9:06  Cyclone  
  118  9:12  Cyclone  
  118  9:15  Marine x2  
  118  9:16  Marauder  
  110  9:27  Raven  
  109  9:33  Marine x2  
  109  9:37  Marauder  
  111  9:39  Hellion  
  111  9:45  Hellion  
  115  9:51  Marine x2  
  117  9:58  Marauder  
  115  10:00  Hellion  
  117  10:08  Marine  
  118  10:16  Supply Depot  
  118  10:21  Supply Depot  
  118  10:37  Medivac  
  118  10:38  Hellion x2, Marauder  
  118  10:40  Supply Depot  
  118  10:42  Marine x2  
  128  10:44  Supply Depot  
  128  10:59  Hellion x2, Marauder  
  128  11:01  Marine x2  
  128  11:02  Supply Depot  
  136  11:07  Supply Depot  
Show
View Real Time Build Order
Export as new Build Order

A.I. 1 (Harder) Protoss 

Build Orders:  

Get SALT Encoding   

  12  0:01  Probe (Chrono Boost)  
  13  0:11  Probe (Chrono Boost)  
  14  0:19  Pylon  
  14  0:22  Probe (Chrono Boost)  
  15  0:37  Probe (Chrono Boost)  
  15  0:39  Gateway  
  16  0:47  Assimilator  
  16  0:48  Probe (Chrono Boost)  
  17  0:58  Probe (Chrono Boost)  
  17  1:00  Pylon  
  18  1:09  Probe (Chrono Boost)  
  19  1:22  Probe (Chrono Boost)  
  19  1:24  Zealot  
  20  1:29  Cybernetics Core  
  22  1:43  Gateway  
  22  1:46  Assimilator  
  22  2:00  Pylon  
  22  2:03  Adept  
  24  2:16  Warp Gate  
  24  2:29  Adept  
  24  2:33  Zealot  
  28  2:41  Pylon  
  28  2:54  Stalker  
  30  2:59  Adept  
  32  3:16  Pylon  
  32  3:23  Adept  
  34  3:28  Adept  
  36  3:38  Probe (Chrono Boost)  
  37  3:50  Adept, Probe (Chrono Boost)  
  37  3:54  Adept  
  42  3:56  Pylon  
  42  4:02  Probe (Chrono Boost)  
  43  4:10  Forge  
  43  4:14  Stalker, Probe (Chrono Boost)  
  46  4:25  Probe (Chrono Boost)  
  46  4:29  Adept  
  49  4:37  Probe (Chrono Boost)  
  50  4:48  Zealot  
  52  6:01  Protoss Ground Weapons Level 1  
  52  6:06  Stalker  
  52  6:08  Gateway  
  54  6:11  Pylon  
  54  6:13  Photon Cannon  
  54  6:14  Stalker  
  56  6:19  Photon Cannon, Nexus  
  56  6:21  Robotics Facility  
  56  6:27  Sentry  
  58  6:36  Stalker  
  58  6:37  Pylon  
  58  6:49  Stalker  
  48  6:58  Zealot  
  42  7:06  Adept  
  42  7:10  Observer  
  42  7:14  Zealot  
  45  7:22  Stalker  
  47  7:30  Adept  
  47  7:34  Twilight Council, Probe x2 (Chrono Boost)  
  51  7:38  Zealot  
  54  7:45  Sentry, Probe (Chrono Boost)  
  54  7:46  Probe (Chrono Boost)  
  54  7:49  Protoss Ground Armor Level 1  
  57  7:53  Stalker  
  57  7:56  Probe (Chrono Boost)  
  57  7:57  Probe (Chrono Boost)  
  61  8:01  Zealot  
  61  8:03  Observer  
  64  8:07  Blink  
  64  8:08  Probe (Chrono Boost)  
  64  8:09  Stalker, Probe (Chrono Boost)  
  68  8:14  Pylon  
  68  8:19  Probe (Chrono Boost)  
  69  8:20  Pylon  
  69  8:21  Probe (Chrono Boost)  
  70  8:31  Probe (Chrono Boost)  
  70  8:32  Stargate, Probe (Chrono Boost)  
  72  8:40  Forge  
  73  8:42  Probe (Chrono Boost)  
  73  9:09  Assimilator  
  73  9:10  Immortal  
  73  9:12  Zealot  
  73  9:13  Zealot  
  73  9:14  Mothership Core (Chrono Boost)  
  75  9:20  Zealot  
  67  9:31  Zealot  
  53  9:33  Stalker  
  47  9:39  Zealot  
  47  9:40  Mothership Core (Chrono Boost)  
  46  9:48  Immortal  
  46  9:50  Stalker  
  48  9:56  Zealot  
  48  9:57  Stalker  
  26  10:12  Zealot  
  22  10:16  Stalker  
  16  10:48  Stalker  
  16  10:49  Probe (Chrono Boost)  
Tags
 
Composition
MMM Bio
League
Silver
Matchup
PvT
Spawn Locations
Cross Positions
Add a new tag
Caveats
  • Supply blocks, unpowered buildings, or Contaminate may cause inaccurate times.
  • Supply counts are checked every 10 seconds.